 Dungeon Crawl Stone Soup version 0.31.0-32-g396128a36d (webtiles) character file.

Game seed: 8239750223053976015

46 7w4c the Trooper (level 3, 0/43 HPs)
             Began as a Demonspawn Berserker on Apr 11, 2024.
             Was a Follower of Trog.
             Succumbed to an adder's poison
             ... on level 2 of the Dungeon.
             The game lasted 00:01:48 (1179 turns).

7w4c the Trooper (Demonspawn Berserker)             Turns: 1179, Time: 00:01:49

Health: 0/43       AC:  3    Str: 19    XL:     3   Next: 44%
Magic:  3/3        EV: 14    Int:  7    God:    Trog [*.....]
Gold:   88         SH:  0    Dex: 12    Spells: 2/2 levels left

rFire   . . .        a - +0 hand axe
rCold   . . .        (no shield)
rNeg    . . .        b - +0 animal skin
rPois   .            (helmet restricted)
rElec   .            (no cloak)
rCorr   .            (no gloves)
SInv    .            i - +0 pair of boots
Will    .....        (no amulet) Stlth
                     (no ring)
HPRegen 0.27/turn    (no ring)
MPRegen 0.08/turn

%: no passive effects
@: berserking, lethally poisoned (0 -> -8), very quick
A: antennae 1, repulsion field 1
a: Renounce Religion, Berserk


You were on level 2 of the Dungeon.
You worshipped Trog.
Trog was aware of your devotion.
You visited 1 branch of the dungeon, and saw 2 of its levels.

You collected 88 gold pieces.

Inventory:

Hand Weapons
 a - a +0 hand axe (weapon)
Armour
 b - a +0 animal skin (worn)
 i - a +0 pair of boots (worn)
Scrolls
 d - a scroll of enchant weapon {unknown}
 e - a scroll of acquirement {unknown}
 g - 2 scrolls of torment {unknown}
 h - 3 scrolls of identify {unknown}
 j - a scroll of blinking {unknown}
 k - a scroll of teleportation {unknown}
Potions
 c - 2 potions of curing {unknown}
 f - a potion of brilliance {unknown}


   Skills:
 + Level 3.5 Fighting
 + Level 3.2 Axes
 + Level 2.0 Armour
 + Level 2.3 Dodging


You had 2 spell levels left.
You didn't know any spells.
Your spell library was empty.

Dungeon Overview and Level Annotations

Branches:
Dungeon (2/15)

Altars:


Innate Abilities, Weirdness & Mutations

You have a pair of small antennae on your head.
You are surrounded by a mild repulsion field. (EV +2)


Message History

The adder is heavily wounded.
You hit the frilled lizard but do no damage.
The frilled lizard bites you. The adder bites you.
You are poisoned.
The adder poisons you!
You barely miss the adder.
The adder is heavily wounded.
You hit the frilled lizard.
You feel sick. The adder bites you.
You are more poisoned.
The adder poisons you!
The frilled lizard bites you but does no damage.
The adder misses you. The frilled lizard bites you.
* * * LOW HITPOINT WARNING * * *
A red film seems to cover your vision as you go berserk!
You feel yourself moving faster!
You feel mighty!
You feel sick. The adder bites you.
* * * LOW HITPOINT WARNING * * *
You are lethally poisoned!
The adder poisons you! The frilled lizard bites you.
* * * LOW HITPOINT WARNING * * *
You barely miss the adder. Your punch misses the adder.
The adder is heavily wounded.
You barely miss the frilled lizard.
* * * LOW HITPOINT WARNING * * *
You feel sick. The adder barely misses you.
You slash the adder!
You kill the adder!
Trog accepts your kill.
You hit the frilled lizard.
You kill the frilled lizard!
Trog accepts your kill.
* * * LOW HITPOINT WARNING * * *
You feel very sick.
Calm down first, please.
Found a faded altar of an unknown god.
* * * LOW HITPOINT WARNING * * *
You feel sick.
You see here an adder corpse.
You feel a strong urge to attack something.
You die...

.................
#...............
######...#######
#......#
####.#....# ##
#8.....∩..♣..♣#
#.............#
#......†......#
#∩..∩..@..♣..∩#
#........?.....
#..............
.∩...........8.
...........!...
...............
#_.....∩..♣..8.
#.............#


There were no monsters in sight!

Vanquished Creatures
  2 adders (D:2)
  3 dart slugs (D:1)
  2 bats (D:1)
  An endoplasm (D:1)
  A giant cockroach (D:1)
  2 goblins (D:1)
  2 hobgoblins
  A quokka (D:1)
  2 frilled lizards
  6 kobolds (D:1)
22 creatures vanquished.

Notes
Turn   | Place    | Note
-------+----------+-------------------------------------------
     0 | D:1      | 7w4c the Demonspawn Berserker began the quest for the Orb.
     0 | D:1      | Reached XP level 1. HP: 18/18 MP: 1/1
   275 | D:1      | Gained mutation: You have a pair of small antennae on your
                  | head. [demonic ancestry]
   275 | D:1      | Reached XP level 2. HP: 22/24 MP: 2/2
  1173 | D:2      | Gained mutation: You are surrounded by a mild repulsion
                  | field. (EV +2) [demonic ancestry]
  1173 | D:2      | Reached XP level 3. HP: 18/29 MP: 3/3
  1178 | D:2      | Found a faded altar of an unknown god.
  1178 | D:2      | HP: 2/43 [poisoned by an adder]
  1179 | D:2      | Succumbed to an adder's poison

Illustrated notes

Levels and vault maps discovered:
D:1:      giann_wishing_wells, layout_basic
D:2:      layout_loops_cross, basic_altar,
          hellmonk_ecumenical_altar_arch_garden, nrook_mini_backslash

Skill      XL: |  1  2 |
---------------+-------+-----
Dodging        | 2 |  2.3
Axes           | 3 |  3.2
Armour         | 2 |  2.0
Fighting       | |  3.5

Action                     || total
---------------------------++-------
  Melee: Hand axe          ||    78
 Invoke: Berserk           ||     1
 Armour: Animal skin       ||    58
  Dodge: Dodged            ||    71
